 Seeded DCSS version 0.30.1-11-g7821555f0a (webtiles) character file.

Game seed: 14897968295293141251 (custom seed)

31329 fireball365 the Severer (level 13, 0/119 HPs)
             Began as a Hill Orc Fighter on Nov 23, 2023.
             Was an Initiate of Gozag.
             Slain by a 15-headed hydra (12 damage)
             ... on level 12 of the Dungeon.
             The game lasted 00:34:11 (15674 turns).

fireball365 the Severer (Hill Orc Fighter)         Turns: 15674, Time: 00:34:13

Health: 0/119      AC: 28    Str: 24    XL:     13   Next: 57%
Magic:  13/13      EV:  7    Int:  8    God:    Gozag
Gold:   1683       SH: 23    Dex: 16    Spells: 12/12 levels left

rFire   + + .        B - +3 war axe (elec)
rCold   + . .        y - +0 tower shield
rNeg    . . .        J - +5 plate armour
rPois   +            n - +1 helmet
rElec   +            z - +0 cloak
rCorr   +            E - +0 pair of gloves
SInv    .            v - +2 pair of boots
Will    .....        F - amulet of reflection Stlth
                     A - +6 ring of dexterity
HPRegen 0.39/turn    I - ring of protection from fire
MPRegen 0.13/turn

%: reflection
@: resistant
A: no striking features
a: Renounce Religion, Potion Petition, Call Merchant, Bribe Branch


You were on level 12 of the Dungeon.
You worshipped Gozag.
Gozag was most pleased with you.
You visited 2 branches of the dungeon, and saw 15 of its levels.
You also visited: Gauntlet.

You collected 3018 gold pieces.
You spent 1204 gold pieces at shops.
You paid 131 gold pieces to Gozag.

Inventory:

Hand Weapons
 a - a +0 war axe
 j - a +0 battleaxe
 B - a +3 war axe of electrocution (weapon)
 P - the +3 glaive of Conservatism {drain, rPois rF- rC++ Dex+3}
   (You took it off a minotaur in a Gauntlet)

   Dex:       It affects your dexterity (+3).
   rF:        It makes you vulnerable to fire.
   rC:        It greatly protects you from cold.
   rPois:     It protects you from poison.
Missiles
 p - a throwing net (quivered)
 L - 15 large rocks
Armour
 b - a +0 scale mail
 c - a +0 buckler
 g - the +0 hat of the Farmer {Int+4}
   (You found it in a Gauntlet)

   Int:       It affects your intelligence (+4).
 n - a +1 helmet (worn)
 v - a +2 pair of boots (worn)
 x - a +0 chain mail
 y - a +0 tower shield (worn)
 z - a +0 cloak (worn)
 E - a +0 pair of gloves (worn)
 J - a +5 plate armour (worn)
Jewellery
 q - a +6 ring of intelligence
 u - the amulet "Ucvukk" {Reflect Slay+3 SH+5}
   (You took it off a minotaur in a Gauntlet)

   [amulet of reflection]

   It reflects blocked missile attacks.
   Slay:      It affects your accuracy & damage with ranged weapons and melee
   (+3).
   SH:        It affects your SH (+5).
 A - a +6 ring of dexterity (left hand)
 F - an amulet of reflection (around neck)
 I - a ring of protection from fire (right hand)
 K - a ring of magical power
Wands
 C - a wand of iceblast (9)
 Q - a wand of flame (1)
Scrolls
 e - 4 scrolls of fog
 k - 7 scrolls of teleportation
 l - 3 scrolls of brand weapon
 r - 4 scrolls of vulnerability
 s - 3 scrolls of poison
 w - 2 scrolls of fear
 D - 2 scrolls of amnesia
 H - 2 scrolls of immolation
 N - a scroll of magic mapping
 T - a scroll of enchant weapon
Potions
 d - 6 potions of might
 f - 3 potions of attraction
 h - 2 potions of invisibility
 i - 2 potions of haste
 m - a potion of degeneration
 o - 2 potions of magic
 t - 3 potions of lignification
 G - 3 potions of curing
 M - a potion of brilliance {unknown}
 O - a potion of resistance
Miscellaneous
 S - a box of beasts


   Skills:
 + Level 12.6 Fighting
 + Level 17.0 Axes
 + Level 10.7 Armour
 + Level 2.9 Dodging
 + Level 2.3 Stealth
 + Level 13.2 Shields
 + Level 1.7 Evocations


You had 12 spell levels left.
You didn't know any spells.
Your spell library contained the following spells:

 Spells                   Type           Power      Damage    Failure   Level
 Apportation              Tloc           0%         N/A       100%        1
 Necrotise                Necr           0%         1d4       100%        1
 Summon Small Mammal      Summ           0%         N/A       100%        1
 Sublimation of Blood     Necr           0%         N/A       100%        2
 Call Canine Familiar     Summ           0%         N/A       100%        3
 Portal Projectile        Hex/Tloc       0%         N/A       100%        3
 Summon Guardian Golem    Hex/Summ       0%         N/A       100%        3
 Tukima's Dance           Hex            0%         N/A       100%        3
 Vampiric Draining        Necr           0%         2d6       100%        3
 Petrify                  Tmut/Erth      0%         N/A       100%        4
 Agony                    Necr           0%         N/A       100%        5
 Blade Hands              Tmut           0%         N/A       100%        5
 Irradiate                Conj/Tmut      0%         3d11      100%        5


Dungeon Overview and Level Annotations

Branches:
Dungeon (14/15)            Temple (1/1) D:6            Lair (0/5) D:9
    Orc (0/2) D:10        Gauntlet (visited)
 Vaults: D:13-14

Altars:
Ashenzari
Cheibriados
Dithmenos
Elyvilon
Fedhas
Gozag
Hepliaklqana
Kikubaaqudgha
Makhleb
Nemelex Xobeh
Okawaru
Qazlal
Ru
Sif Muna
Trog
Uskayaw
Vehumet
Wu Jian
Xom
Zin

Shops:
D:2 ?   D:3 [   D:5 *   D:8 ?

Annotations:
D:11 exclusion: ice statue


Message History

You block the 14-headed hydra's attack.
The 14-headed hydra bites you but does no damage.
You block the 14-headed hydra's attack. x2
The 14-headed hydra bites you but does no damage.
The 14-headed hydra closely misses you.
The 14-headed hydra bites you but does no damage.
The 14-headed hydra barely misses you.
The 14-headed hydra bites you but does no damage.
The 14-headed hydra bites you!
* * * LOW HITPOINT WARNING * * *
The 14-headed hydra bites you.
* * * LOW HITPOINT WARNING * * *
The 14-headed hydra bites you but does no damage.
You block the 14-headed hydra's attack.
The 14-headed hydra bites you but does no damage.
You feel better. You block the 14-headed hydra's attack.
The 14-headed hydra barely misses you. The 14-headed hydra closely misses you.
The 14-headed hydra bites you.
* * * LOW HITPOINT WARNING * * *
You block the 14-headed hydra's attack. x2
The 14-headed hydra bites you but does no damage. x2
The 14-headed hydra barely misses you.
You block the 14-headed hydra's attack. x2
The 14-headed hydra bites you but does no damage.
You block the 14-headed hydra's attack. The 14-headed hydra bites you.
* * * LOW HITPOINT WARNING * * *
You slice one of the 14-headed hydra's heads off!
The 13-headed hydra grows two more!
You hit the 15-headed hydra.
The 15-headed hydra is heavily wounded.
You block the 15-headed hydra's attack. The 15-headed hydra barely misses you.
You block the 15-headed hydra's attack.
The 15-headed hydra bites you but does no damage.
You block the 15-headed hydra's attack. The 15-headed hydra closely misses you.
The 15-headed hydra bites you!
* * * LOW HITPOINT WARNING * * *
The 15-headed hydra bites you but does no damage.
You block the 15-headed hydra's attack.
The 15-headed hydra bites you but does no damage. x4
The 15-headed hydra bites you!
You die...
Your body crumbles into a pile of gold.

......# #........##### ......#
###.##.### ......## #.).##'####
.......#############.........#
.....................))......#
......).#############........#
######).#....................####
#......########.............
#######.#.#...DD@.<#.........####
..D.......#....#####.........####
.D..ยง.....#............[.....#...
..........####....#.......####.##
#######.#.DD.........>....# #.#
#.###....##.........# #.#
#.....<..'....>.....# #.##
#####....####.....).# #...
#......##.......# ####


You could see a 15-headed hydra and a 14-headed hydra.

Vanquished Creatures
  The ghost of jfcaron the Cleaver, a journeyman GnBe of Trog (D:11)
  A minotaur (Gauntlet)
  A fire dragon (D:11)
  A catoblepas (D:11)
  An ogre mage (D:11)
  A boulder beetle (D:11)
  3 two-headed ogres
  A skeletal warrior (D:8)
  2 deep elf pyromancers (D:12)
  2 orc knights
  7 ugly things
  5 cyclopes
  4 manticores
  A guardian serpent (shapeshifter) (D:8)
  2 gargoyles
  A minotaur zombie (Gauntlet)
  A freezing wraith (D:11)
  2 ice devils (D:11)
  A tengu conjurer (D:14)
  A meliai (D:11)
  A tyrant leech (Gauntlet)
  A hornet (D:10)
  2 trolls
  Sigmund (D:3)
  12 slime creatures
  2 vampires
  3 wraiths
  2 shadows (Gauntlet)
  A wyvern (D:8)
  2 basilisks
  13 yaks
  6 steam dragons
  15 vampire mosquitoes
  6 swamp worms (Gauntlet)
  7 acid dragons
  5 water moccasins
  A black bear (D:6)
  8 orc warriors
  2 sky beasts (D:8)
  A black bear (shapeshifter) (D:10)
  4 centaurs
  2 kobold brigands
  3 gnoll sergeants
  5 bullfrogs
  9 wights
  10 killer bees
  4 howler monkeys
  3 hounds
  5 jellies
  3 orc priests
  3 iguanas
  4 sleepcaps
  6 orc wizards
  13 gnolls
  8 adders
  A shadow imp (D:7)
  A white imp (D:4)
  4 ufetubi
  2 worms
  3 dart slugs
  33 orcs
  10 ball pythons
  5 endoplasms
  3 giant cockroaches (D:1)
  11 goblins
  5 hobgoblins
  8 jackals (D:4)
  26 kobolds
  5 quokkas
  4 bats
  5 frilled lizards
  3 rats (D:1)
  A spectral hobgoblin (D:2)
342 creatures vanquished.

Vanquished Creatures (others)
  A wizard (D:9)
  A kobold brigand (D:8)
  An orc wizard (D:8)
  A kobold (D:9)
4 creatures vanquished.

Grand Total: 346 creatures vanquished

Notes
Turn   | Place    | Note
-------+----------+-------------------------------------------
     0 | D:1      | fireball365 the Hill Orc Fighter began the quest for the
                  | Orb.
     0 | D:1      | Reached XP level 1. HP: 19/19 MP: 1/1
    79 | D:1      | Reached XP level 2. HP: 26/27 MP: 2/2
   478 | D:1      | Reached XP level 3. HP: 32/33 MP: 3/3
   533 | D:1      | Reached skill level 3 in Axes
   977 | D:2      | Found a faded altar of an unknown god.
  1015 | D:2      | Found Zoofutit's Magic Scroll Shop.
  1033 | D:2      | Bought a scroll of identify for 24 gold pieces
  1033 | D:2      | Bought a scroll of teleportation for 36 gold pieces
  1033 | D:2      | Bought a scroll of identify for 24 gold pieces
  1047 | D:2      | Reached XP level 4. HP: 36/41 MP: 4/4
  1765 | D:3      | Reached skill level 4 in Axes
  1874 | D:3      | Noticed Sigmund
  1891 | D:3      | Killed Sigmund
  1892 | D:3      | Reached skill level 5 in Axes
  1892 | D:3      | Reached XP level 5. HP: 26/47 MP: 5/5
  1892 | D:3      | Reached XP level 6. HP: 30/53 MP: 6/6
  2019 | D:3      | Found Joatoc's Antique Armour Shoppe.
  2036 | D:3      | Found a shimmering altar of Xom.
  2039 | D:3      | Found a shimmering altar of Xom.
  2735 | D:4      | Reached skill level 6 in Axes
  3042 | D:4      | Reached XP level 7. HP: 60/60 MP: 7/7
  3102 | D:4      | Reached skill level 1 in Dodging
  3551 | D:4      | Reached skill level 5 in Fighting
  3561 | D:5      | Entered Level 5 of the Dungeon
  3576 | D:4      | Reached skill level 7 in Axes
  3579 | D:4      | Reached skill level 5 in Armour
  3868 | D:5      | Reached XP level 8. HP: 49/70 MP: 8/8
  3987 | D:5      | Reached skill level 8 in Axes
  4047 | D:5      | Found Ykugis's Mass Market.
  4214 | D:5      | Bought a +0 tower shield for 49 gold pieces
  4731 | D:6      | Found a burning altar of Makhleb.
  4762 | D:6      | Found an ancient bone altar of Kikubaaqudgha.
  4850 | D:6      | Found a staircase to the Ecumenical Temple.
  4858 | Temple   | Entered the Ecumenical Temple
  5053 | Temple   | Became a worshipper of Gozag Ym Sagoz the Greedy
  5190 | D:6      | Reached skill level 9 in Axes
  5190 | D:6      | Reached skill level 5 in Shields
  5890 | D:7      | Found an ornate altar of the Wu Jian Council.
  6009 | D:7      | Found a shadowy altar of Dithmenos.
  6125 | D:7      | Reached skill level 1 in Evocations
  6373 | D:7      | Reached XP level 9. HP: 78/78 MP: 9/9
  6584 | D:8      | Found a sparkling altar of Nemelex Xobeh.
  6606 | D:8      | Found Pymonid's Magic Scroll Shop.
  6615 | D:8      | Bought a scroll of identify for 26 gold pieces
  6615 | D:8      | Bought a scroll of teleportation for 39 gold pieces
  6615 | D:8      | Bought a scroll of teleportation for 39 gold pieces
  6615 | D:8      | Bought a scroll of identify for 26 gold pieces
  6615 | D:8      | Bought a scroll of immolation for 52 gold pieces
  6742 | D:8      | Noticed a cyclops
  6750 | D:8      | Killed a cyclops
  6751 | D:8      | Reached skill level 10 in Axes
  6751 | D:8      | Reached skill level 1 in Stealth
  6891 | D:8      | Reached skill level 11 in Axes
  7103 | D:8      | Noticed a wind drake
  7124 | D:8      | a wind drake changed into a salamander
  7124 | D:8      | Noticed a salamander (shapeshifter)
  7132 | D:8      | a salamander changed into a guardian serpent
  7132 | D:8      | Noticed a guardian serpent (shapeshifter)
  7135 | D:8      | Killed a guardian serpent
  7136 | D:8      | Reached XP level 10. HP: 31/88 MP: 10/10
  7146 | D:8      | Noticed a skeletal warrior
  7162 | D:8      | Killed a skeletal warrior
  7163 | D:8      | Reached skill level 12 in Axes
  7453 | D:8      | Noticed a manticore
  7752 | D:8      | Killed a manticore
  7921 | D:8      | Reached skill level 13 in Axes
  7957 | D:8      | Reached XP level 11. HP: 86/95 MP: 11/11
  8176 | D:8      | Noticed an orc knight
  8185 | D:8      | Killed an orc knight
  8597 | D:9      | Noticed a +0 dagger
  8597 | D:9      | Noticed a +0 hand axe
  8599 | D:9      | Found a staircase to the Lair.
  8657 | D:9      | Noticed a purple ugly thing
  8674 | D:9      | Killed a purple ugly thing
  8675 | D:9      | Reached skill level 14 in Axes
  8891 | D:9      | Found a hide-covered altar of Uskayaw.
  9052 | D:9      | Found a bloodstained altar of Trog.
  9055 | D:9      | Noticed a wizard
  9060 | D:9      | Killed a wizard
  9341 | D:9      | Noticed a two-headed ogre
  9348 | D:9      | Killed a two-headed ogre
  9747 | D:2      | Bought a scroll of blinking for 90 gold pieces
  9747 | D:2      | Bought a scroll of poison for 48 gold pieces
  9747 | D:2      | Bought a scroll of teleportation for 36 gold pieces
  9747 | D:2      | Bought a scroll of teleportation for 36 gold pieces
  9747 | D:2      | Bought a scroll of enchant armour for 90 gold pieces
  9861 | D:5      | Bought a +3 plate armour for 440 gold pieces
  9924 | D:8      | Bought a scroll of immolation for 52 gold pieces
  9924 | D:8      | Bought a scroll of enchant armour for 97 gold pieces
  9986 | D:10     | Entered Level 10 of the Dungeon
 10470 | D:10     | Found a staircase to the Orcish Mines.
 11008 | D:11     | You fall into a shaft and drop 3 floors!
 11069 | D:14     | Reached skill level 15 in Axes
 11210 | D:14     | Reached skill level 10 in Fighting
 11290 | D:13     | Noticed a cyclops
 11296 | D:13     | Killed a cyclops
 11297 | D:13     | Reached skill level 10 in Shields
 11319 | D:13     | Reached XP level 12. HP: 107/107 MP: 12/12
 11442 | D:13     | Noticed a two-headed ogre
 11457 | D:13     | Killed a two-headed ogre
 12008 | D:12     | Found a gate leading to a gauntlet.
 12014 | Gauntlet | Entered a Gauntlet
 12014 | Gauntlet | Found a transporter.
 12024 | Gauntlet | Found a transporter.
 12042 | Gauntlet | Found a transporter.
 12047 | Gauntlet | Found a transporter.
 12047 | Gauntlet | Noticed a wretched star
 12066 | Gauntlet | Found a transporter.
 12086 | Gauntlet | Found a transporter.
 12098 | Gauntlet | Found a transporter.
 12110 | Gauntlet | Found a transporter.
 12118 | Gauntlet | Found a large runed translucent door.
 12119 | Gauntlet | Found a large runed translucent door.
 12120 | Gauntlet | Found a large runed translucent door.
 12120 | Gauntlet | Found a large runed translucent door.
 12121 | Gauntlet | Found a runed translucent gate.
 12122 | Gauntlet | Found a transporter.
 12122 | Gauntlet | Found a runed translucent gate.
 12123 | Gauntlet | Found a runed translucent gate.
 12124 | Gauntlet | Found a large runed translucent door.
 12124 | Gauntlet | Found a large runed translucent door.
 12125 | Gauntlet | Found a large runed translucent door.
 12126 | Gauntlet | Found a large runed translucent door.
 12134 | Gauntlet | Found a transporter.
 12152 | Gauntlet | Found a transporter.
 12168 | Gauntlet | Found a large runed translucent door.
 12169 | Gauntlet | Found a large runed translucent door.
 12170 | Gauntlet | Found a large runed translucent door.
 12170 | Gauntlet | Found a large runed translucent door.
 12171 | Gauntlet | Found a runed translucent door.
 12172 | Gauntlet | Found a transporter.
 12173 | Gauntlet | Found a runed translucent door.
 12174 | Gauntlet | Found a large runed translucent door.
 12174 | Gauntlet | Found a large runed translucent door.
 12174 | Gauntlet | Found a transporter.
 12175 | Gauntlet | Found a large runed translucent door.
 12176 | Gauntlet | Found a large runed translucent door.
 12204 | Gauntlet | Found a transporter.
 12206 | Gauntlet | Found a transporter.
 12226 | Gauntlet | Found a transporter.
 12304 | Gauntlet | Found a transporter.
 12328 | Gauntlet | Found a transporter.
 12616 | Gauntlet | Identified the +1 leather armour of Ximoenk {rC+}
 12622 | Gauntlet | Reached skill level 16 in Axes
 12705 | Gauntlet | Identified the +0 hat of the Farmer {Int+4}
 12912 | Gauntlet | Found the +3 giant club "Skullcrusher" {speed, Str+7}
 12912 | Gauntlet | Identified the +3 glaive of Conservatism {drain, rPois rF-
                  | rC++ Dex+3}
 12912 | Gauntlet | Identified the amulet "Ucvukk" {Reflect Slay+3 SH+5}
 12912 | Gauntlet | Noticed a minotaur
 12927 | Gauntlet | HP: 2/91 [minotaur/the +3 glaive of Conservatism {drain,
                  | rPois rF- rC++ Dex+3} (10)]
 12936 | Gauntlet | Killed a minotaur
 13197 | Gauntlet | Identified the +6 rapier "Oneowkauni" {heavy, rC+ rN+ Will+
                  | Int-4}
 13572 | D:11     | Noticed a two-headed ogre
 13585 | D:11     | Killed a two-headed ogre
 13597 | D:11     | Reached skill level 10 in Armour
 13624 | D:11     | Noticed an ogre mage
 13624 | D:11     | Noticed a boulder beetle
 13644 | D:11     | Killed a boulder beetle
 13653 | D:11     | Killed an ogre mage
 13759 | D:11     | Noticed a fire dragon
 13771 | D:11     | Killed a fire dragon
 13772 | D:11     | Reached XP level 13. HP: 102/117 MP: 13/13
 15220 | D:12     | Reached skill level 17 in Axes
 15268 | D:12     | Found a runed translucent gate.
 15269 | D:12     | Found a runed translucent gate.
 15270 | D:12     | Found a runed translucent gate.
 15271 | D:12     | Noticed jfcaron's ghost (journeyman GnBe)
 15553 | D:11     | Killed jfcaron's ghost
 15674 | D:12     | Slain by a 15-headed hydra

Illustrated notes

Levels and vault maps discovered:
D:1:      dpeg_arrival_radiant, layout_basic
D:2:      layout_basic, dreamdust_ecumenical_altar_drowned_temple, serial_shops,
          nicolae_shop_advertising_works [nicolae_subvault_shop_adworks]
D:3:      layout_basic, xom_redecorated, serial_shops, shop,
          minmay_misc_feat_tower, minmay_shallow_snake_nest, uniq_sigmund
D:4:      layout_loops_cross, hangedman_feature_mirror,
          hangedman_feature_mirror, grunt_ministairs_13
D:5:      layout_rooms, minmay_shop_mass
D:6:      layout_cave_pods, mainiacjoe_overflow_brackets, amcnicky_altar_gilded,
          minmay_temple_entry_ruins
D:7:      layout_loops_corners, lemuel_round_altar, kennysheep_little_box
D:8:      nzn_winding_woodlands_large [nzn_winding_woodlands_5x5_perimeter,
          nzn_winding_woodlands_5x15_concentric,
          nzn_winding_woodlands_hourglass, nzn_winding_woodlands_center_lodge,
          nzn_winding_woodlands_15x15_boxy_spiral,
          nzn_winding_woodlands_center_garden, nzn_winding_woodlands_5x5_three,
          nzn_winding_woodlands_5x15_eye, nzn_winding_woodlands_5x5_open_star],
          layout_basic, mainiacjoe_overflow_paths, serial_curves,
          eino_curves_04, eino_curves_04, serial_shops, shop, interstate_on_off
D:9:      minmay_skewed_foursquare, layout_basic, trog_wizard,
          dancing_weapons_uskayaw, dpeg_oklobed_lair, minivault_4
D:10:     layout_long_grid, hiddenorc1_lemuel
D:11:     hangedman_cross_veins, layout_irregular_city,
          portal_ice_cave_demonic_guard, grunt_decor_mini_mirrors,
          hangedman_decor_push, minivault_16
D:12:     layout_basic, gauntlet_entry_generic, gammafunk_ghost_hydra_chop
D:13:     layout_layer_cave, erik_vaults_2, serial_glass, glass_columns_a,
          glass_columns_a, glass_columns_a, glass_columns_b, glass_columns_c,
          glass_columns_a, glass_columns_a, glass_columns_b, glass_columns_a,
          glass_columns_a, minmay_strange_pillars, item_on_display_a,
          hellmonk_okawaru_the_only_friend_you_need
D:14:     layout_basic, serial_shops, statue_bzr, dk_noncrumbling_4,
          minmay_protected_statue
Temple:   dpeg_chambers_temple

Skill      XL: |  1  2  3  4  5  6  7  8  9 10 11 12 13 |
---------------+----------------------------------------+-----
Fighting       | 4 5 6 7 8 10 11 12 | 12.6
Axes           | 3 5 6 7 9 11 13 15 16 17 | 17.0
Armour         | 4 5 6 7 8 9 10 | 10.7
Shields        | 4 5 6 8 10 12 13 | 13.2
Dodging        | 1 2 |  2.9
Evocations     | 1 |  1.7
Stealth        | 1 2 |  2.3

Action                     |  1- 3 |  4- 6 |  7- 9 | 10-12 | 13-15 || total
---------------------------+-------+-------+-------+-------+-------++-------
  Melee: War axe           |    85 |   124 |   241 |   579 |   206 ||  1235
  Evoke: Wand              |       |       |     3 |     4 |    14 ||    21
    Use: Potion            |     1 |       |     1 |    10 |     3 ||    15
         Scroll            |     2 |     2 |     9 |     8 |     4 ||    25
   Stab: Distracted        |       |       |       |     1 |     2 ||     3
 Armour: Scale mail        |    52 |    70 |    44 |       |       ||   166
         Chain mail        |       |       |    85 |    62 |       ||   147
         Plate armour      |       |       |       |   118 |   183 ||   301
  Dodge: Dodged            |    52 |    79 |    87 |    57 |    59 ||   334
  Block: Buckler           |    24 |    45 |    35 |       |       ||   104
         Tower shield      |       |       |    95 |   583 |   243 ||   921
         Reflection        |       |       |     5 |    11 |     2 ||    18
